 Dungeon Crawl Stone Soup version 0.23.2-33-g5129a83184 (webtiles) character file.

Game seed: 12227474289655852392

4342 Kold the Nimble (level 10, -13/63 HPs)
             Began as an Octopode Transmuter on July 23, 2019.
             Mangled by an orc warrior
             ... wielding a +0 glaive
              (18 damage)
             ... in a bailey.
             The game lasted 00:20:03 (7376 turns).

Kold the Nimble (Octopode Transmuter)               Turns: 7376, Time: 00:20:05

Health: -13/63     AC:  3    Str: 17    XL:     10   Next: 33%
Magic:  13/14      EV: 19    Int: 19    God:
Gold:   370        SH:  0    Dex: 14    Spells: 6/15 levels left

rFire    + . .     SeeInvis +     - Unarmed
rCold    . . .     Gourm    .   (no shield)
rNeg     . . .     Faith    .   q - +2 hat
rPois    .         Spirit   .   (no amulet)
rElec    .         Reflect  .   j - +2 ring of dexterity
rCorr    .         Harm     .   k - ring of see invisible
MR       +....                  p - +3 ring of intelligence
Stlth    ++++......             x - ring of protection from fire
HPRegen  0.60/turn              o - ring of stealth
MPRegen  0.14/turn              (no ring)
                                (no ring)
                                (no ring)

@: appendage, hasted, very quick
A: almost no armour, stealthy swim, amphibious, 8 rings, constrict 8, tentacle
spike 3, camouflage 1, magic resistance 1, regeneration 1, strong 2, gelatinous
body 1
a: End Transformation


You were in a bailey.
You were not hungry.
One of your tentacles had a temporary spike.
You visited 1 branch of the dungeon, and saw 8 of its levels.
You also visited: Sewer and Bailey.

You collected 425 gold pieces.
You spent 55 gold pieces at shops.

Inventory:

Missiles
 a - 109 arrows
Armour
 i - a +0 buckler
 q - a +2 hat (worn)
Jewellery
 j - a +2 ring of dexterity (left tentacle)
 k - a ring of see invisible (right tentacle)
 o - a ring of stealth (on tentacle)
 p - a +3 ring of intelligence (on tentacle)
 x - a ring of protection from fire (on tentacle)
Wands
 m - a wand of enslavement (9)
 y - a wand of random effects (17)
Scrolls
 b - 3 scrolls of enchant armour
 d - 3 scrolls of amnesia
 l - 3 scrolls of teleportation
 s - 3 scrolls of remove curse
 v - 5 scrolls of identify
Potions
 e - a potion of magic
 f - 2 potions of agility
 g - a potion of mutation
 h - a potion of brilliance
 r - 2 potions of flight
Comestibles
 c - 13 rations
 w - 12 chunks of flesh


   Skills:
 * Level 3.0 Fighting
 + Level 9.2 Dodging
 - Level 3.0 Stealth
 + Level 7.8 Unarmed Combat
 * Level 3.3 Spellcasting
 + Level 7.6 Transmutations
 - Level 3.3 Poison Magic


You had 6 spell levels left.
You knew the following spells:

 Your Spells              Type           Power        Failure   Level  Hunger
a - Beastly Appendage     Tmut           ####..       1%          1    None
b - Spider Form           Tmut/Pois      ###.......   4%          3    ###....
c - Blade Hands           Tmut           ####......   19%         5    ######.

Your spell library contained the following spells:

 Spells                   Type           Power        Failure   Level  Hunger
 Sticks to Snakes         Tmut           ####....     1%          2    ##.....
 Ice Form                 Ice/Tmut       ###.....     30%         4    ####...


Dungeon Overview and Level Annotations

Branches:
Dungeon (8/15)             Temple (0/1) D:4
   Lair: D:8-11

Altars:
Elyvilon
Nemelex Xobeh
Vehumet
Wu Jian

Shops:
D:4 (   D:6 *

Annotations:
D:3 Jessica
D:5 2 runed translucent doors, Mlkhall's ghost, novice NaVM


Innate Abilities, Weirdness & Mutations

You cannot wear most types of armour.
You are very stealthy in the water. (Stealth+)
You are amphibious.
You can wear up to eight rings at the same time.
You can use your tentacles to constrict eight enemies at once.
Your skin changes colour to match your surroundings (Stealth+).
Your rubbery body absorbs attacks. (AC +1, EV +1)
One of your tentacles bears a large vicious spike.
You are resistant to hostile enchantments. (MR+)
Your natural rate of healing is unusually fast.
Your muscles are very strong. (Str +4)


Message History

Casting: Spider Form (safe; 4% risk of failure)
Confirm with . or Enter, or press ? or * to list all spells.
One of your tentacles grows a vicious spike.
The orc misses you.
The orc hits you from afar with a +0 spear.
* * * LOW HITPOINT WARNING * * *
The orc misses you. The orc warrior barely misses you.
You tentacle-slap the orc warrior but do no damage.
You grab the orc warrior.
You pierce the orc warrior.
You squeeze the orc warrior, but do no damage.
The orc warrior is severely wounded.
You constrict the orc warrior. The orc barely misses you.
The orc hits you but does no damage.
You tentacle-slap the orc warrior.
The orc warrior is almost dead.
You constrict the orc warrior. The orc hits you with a +0 halberd.
* * * LOW HITPOINT WARNING * * *
The orc closely misses you.
The orc warrior hits you with a +0 glaive!!
You die...

### ############ .o..
##........∩.## .o...
######............#
oo....#...o#..))))......#
.o....'..oo@).).)......∩#
o.....#...o#...).)......#
......######...)........#
..... ##........∩.##
##### ############


You could see an orc warrior and 3 orcs.

Vanquished Creatures
  Pikel (D:8)
  A hippogriff (D:7)
  Sigmund (D:5)
  4 yaks
  Menkaure (D:5)
  2 hungry ghosts
  A sky beast (D:6)
  2 orc warriors (Bailey)
  Purgy (Sewer)
  A phantom (D:4)
  4 ogres
  A necrophage (D:6)
  2 centaurs (D:6)
  Blork the orc (D:5)
  6 bullfrogs
  A gnoll sergeant (D:8)
  A scorpion (D:6)
  3 howler monkeys (D:7)
  2 crimson imps (D:6)
  A centaur zombie (D:7)
  2 hounds
  3 orc priests
  3 orc wizards
  A bullfrog skeleton (D:7)
  An iguana (D:7)
  5 worker ants
  A hound zombie (D:6)
  A hound skeleton (D:7)
  A worker ant zombie (D:5)
  10 adders
  4 gnolls (D:8)
  A shadow imp (D:6)
  An ooze (D:1)
  An adder skeleton (D:7)
  2 dart slugs (D:1)
  6 leopard geckos
  38 orcs
  A giant cockroach (D:1)
  6 goblins
  5 hobgoblins
  3 jackals (D:4)
  10 kobolds
  3 quokkas
  A ball python (D:5)
  8 bats
  10 frilled lizards
  A quokka skeleton (D:4)
  15 rats
181 creatures vanquished.

Vanquished Creatures (collateral kills)
  A quasit (D:6)
1 creature vanquished.

Grand Total: 182 creatures vanquished

Notes
Turn   | Place    | Note
-------+----------+-------------------------------------------
     0 | D:1      | Kold the Octopode Transmuter began the quest for the Orb.
     0 | D:1      | Reached XP level 1. HP: 13/13 MP: 3/3
    48 | D:1      | Reached skill level 1 in Stealth
    51 | D:1      | Reached XP level 2. HP: 6/18 MP: 1/5
   621 | D:1      | Reached XP level 3. HP: 20/23 MP: 4/6
  1289 | D:2      | Found a radiant altar of Vehumet.
  1348 | D:2      | Reached XP level 4. HP: 21/28 MP: 7/7
  2140 | D:3      | Reached skill level 3 in Dodging
  2166 | D:3      | Reached XP level 5. HP: 18/33 MP: 8/8
  2552 | D:4      | Noticed a phantom
  2599 | D:4      | Killed a phantom
  2599 | D:4      | Reached XP level 6. HP: 15/38 MP: 7/9
  2646 | D:3      | Noticed Jessica
  2717 | D:4      | HP: 1/38 [worker ant (7)]
  2738 | D:4      | Found a staircase to the Ecumenical Temple.
  3034 | D:4      | Found a glowing drain.
  3050 | Sewer    | Entered a sewer
  3198 | Sewer    | Learned a level 3 spell: Spider Form
  3207 | Sewer    | Noticed Purgy
  3217 | Sewer    | Gained mutation: Your muscles are strong. (Str +2) [potion
                  | of mutation]
  3217 | Sewer    | Gained mutation: Your spells are a little harder to cast,
                  | but a little more powerful. [potion of mutation]
  3217 | Sewer    | Gained mutation: You are resistant to hostile enchantments.
                  | (MR+) [potion of mutation]
  3832 | Sewer    | Lost mutation: Your spells are a little harder to cast, but
                  | a little more powerful. [potion of mutation]
  3832 | Sewer    | Gained mutation: Your muscles are very strong. (Str +4)
                  | [potion of mutation]
  3832 | Sewer    | Gained mutation: Your natural rate of healing is unusually
                  | fast. [potion of mutation]
  3846 | Sewer    | Killed Purgy
  3846 | Sewer    | Reached skill level 4 in Dodging
  3846 | Sewer    | Reached skill level 1 in Poison Magic
  3847 | Sewer    | Reached XP level 7. HP: 16/43 MP: 8/10
  4071 | D:4      | Found Kinexzewn's Weapon Emporium.
  4230 | D:5      | Entered Level 5 of the Dungeon
  4230 | D:5      | Found a large runed translucent door.
  4230 | D:5      | Found a large runed translucent door.
  4239 | D:5      | Noticed Menkaure
  4254 | D:5      | Killed Menkaure
  4254 | D:5      | Reached skill level 5 in Unarmed Combat
  4438 | D:5      | Noticed Sigmund
  4453 | D:5      | Killed Sigmund
  4453 | D:5      | Reached skill level 5 in Transmutations
  4453 | D:5      | Reached XP level 8. HP: 42/48 MP: 6/11
  4474 | D:5      | Reached skill level 5 in Dodging
  4586 | D:5      | Noticed Blork the orc
  4600 | D:5      | Killed Blork the orc
  4790 | D:5      | Noticed Mlkhall's ghost (novice NaVM)
  5059 | D:6      | Found Xena's Assorted Antiques.
  5062 | D:6      | Bought a scroll labeled EFALAO JATEJU for 29 gold pieces
  5062 | D:6      | Bought a green potion for 26 gold pieces
  5192 | D:6      | Reached skill level 6 in Dodging
  5224 | D:6      | Noticed a yak
  5255 | D:6      | Learned a level 5 spell: Blade Hands
  5374 | D:6      | Noticed a yak
  5375 | D:6      | Noticed a yak
  5383 | D:6      | Noticed a yak
  5402 | D:5      | Killed a yak
  5555 | D:6      | Killed a yak
  5555 | D:6      | Reached skill level 7 in Dodging
  5555 | D:6      | Reached XP level 9. HP: 41/53 MP: 9/12
  5989 | D:7      | Found a sparkling altar of Nemelex Xobeh.
  5989 | D:7      | Found an ornate altar of the Wu Jian Council.
  6093 | D:6      | Reached skill level 8 in Dodging
  6223 | D:7      | Found a white marble altar of Elyvilon.
  6676 | D:7      | Reached skill level 9 in Dodging
  6973 | D:8      | Reached XP level 10. HP: 56/59 MP: 13/13
  7002 | D:8      | Found a flagged portal.
  7008 | D:8      | Noticed Pikel
  7028 | D:8      | Killed Pikel
  7238 | Bailey   | Entered a bailey
  7376 | Bailey   | Mangled by an orc warrior

Skill      XL: |  1  2  3  4  5  6  7  8  9 10 |
---------------+-------------------------------+-----
Stealth        | 1 2 3 |  3.0
Dodging        | 3 4 7 9 |  9.2
Transmutations | 3 4 5 6 7 |  7.6
Unarmed Combat | 4 5 6 7 |  7.8
Poison Magic   | 1 3 |  3.3
Fighting       | 3 |  3.0
Spellcasting   | 3 |  3.3

Action                   |  1- 3 |  4- 6 |  7- 9 | 10-12 || total
-------------------------+-------+-------+-------+-------++-------
Melee: Unarmed           |    83 |   127 |   272 |    97 ||   579
       Constrict         |    22 |    25 |    18 |     2 ||    67
       Kick              |     8 |    30 |    26 |     1 ||    65
       Tentacles         |    14 |    28 |    11 |     1 ||    54
       Punch             |     1 |     1 |     8 |       ||    10
 Cast: Beastly Appendage |    17 |    22 |    22 |     1 ||    62
       Spider Form       |       |       |    22 |     5 ||    27
  Use: Scroll            |       |     7 |     7 |     2 ||    16
       Potion            |       |     7 |     5 |     2 ||    14
 Stab: Sleeping          |     3 |     8 |     5 |       ||    16
  Eat: Chunk             |     2 |     7 |    12 |       ||    21
       Ration            |       |       |     1 |     1 ||     2
Armor: Skin              |    10 |    12 |    10 |     1 ||    33
Dodge: Dodged            |    51 |    93 |   229 |   179 ||   552
